Map: Chantier naval orbital

Players

Wolf - Winner!

  • Race: Zerg Zerg
  • League: Platinum

Rekin - Winner!

  • Race: Zerg Zerg
  • League: Gold

fahirn

  • Race: Zerg Zerg
  • League: Gold

Azzran

  • Race: Zerg Zerg
  • League: Platinum

VOD

Have the link to the VOD?

Description

Time

  • Played on: March 9, 2016, 3:45 p.m.
  • Length: 8:34
Show
View Real Time Build Order
Export as new Build Order

Wolf Zerg - Winner!

Build Orders: Pool First, Zergling Baneling 

Get SALT Encoding   

  12  0:01  Drone  
  13  0:12  Overlord  
  13  0:17  Drone  
  14  0:30  Drone x2  
  14  0:34  Drone  
  17  0:43  Extractor  
  17  0:45  Drone  
  17  0:54  Spawning Pool  
  17  0:56  Drone  
  17  1:06  Drone  
  18  1:25  Hatchery  
  17  1:30  Drone  
  18  1:40  Drone  
  18  1:43  Metabolic Boost  
  19  1:52  Overlord  
  19  2:06  Zergling x4  
  19  2:08  Baneling Nest  
  20  2:14  Zergling x2  
  21  2:29  Queen  
  23  2:32  Drone x2  
  23  2:36  Queen  
  27  2:39  Drone  
  28  2:50  Zergling x2  
  28  2:51  Zergling x2  
  30  2:53  Baneling x2  
  30  2:54  Zergling x2  
  31  2:59  Zergling x2  
  31  3:03  Baneling  
  31  3:04  Zergling x2  
  33  3:09  Zergling x2  
  34  3:18  Zergling x2  
  35  3:22  Zergling x2  
  35  3:26  Zergling x2  
  36  3:30  Baneling  
  36  3:31  Baneling x2  
  36  3:32  Overlord  
  36  3:33  Spine Crawler  
  34  3:38  Zergling x2  
  34  3:39  Zergling x4  
  35  3:43  Zergling x2  
  36  3:51  Overlord  
  36  3:53  Zergling x4  
  38  4:01  Zergling x6  
  41  4:05  Zergling x2  
  42  4:19  Drone  
  42  4:20  Drone x4  
  47  4:30  Zergling x6  
  47  4:31  Zergling x2  
  50  4:34  Zergling x2  
  47  4:40  Zergling x2  
  47  4:42  Zergling x2  
  44  4:46  Drone x3  
  44  4:50  Baneling x2  
  44  4:51  Baneling  
  45  4:53  Drone  
  44  5:04  Roach Warren  
  44  5:05  Extractor  
  39  5:30  Spine Crawler  
  39  5:32  Spine Crawler  
  36  5:45  Roach x7  
  36  5:46  Lair  
  50  5:55  Roach  
  50  5:56  Overlord  
  51  6:00  Drone  
  51  6:01  Drone  
  52  6:05  Overlord  
  52  6:17  Baneling x5  
  52  6:18  Baneling x2  
  52  6:24  Roach x2  
  56  6:35  Roach  
  56  6:36  Roach x2  
  64  6:40  Roach  
  61  6:54  Roach x3  
  61  6:55  Overlord  
  66  7:07  Roach x2  
  66  7:08  Overlord  
  67  7:18  Zergling x4  
  67  7:21  Drone x2  
  67  7:22  Drone  
  72  7:32  Drone x2  
  74  7:48  Roach x5  
  84  7:58  Extractor  
  83  8:00  Extractor  
  83  8:01  Baneling x4  
  82  8:06  Roach  
  82  8:07  Overlord x2  
Show
View Real Time Build Order
Export as new Build Order

Rekin Zerg - Winner!

Build Orders: Hatch First 

Get SALT Encoding   

  12  0:01  Drone  
  13  0:12  Overlord  
  13  0:20  Drone  
  14  0:30  Drone x2  
  14  0:34  Drone  
  17  0:54  Hatchery  
  17  0:56  Drone  
  17  0:59  Extractor  
  17  1:01  Drone  
  17  1:16  Spawning Pool  
  16  1:22  Drone  
  16  1:24  Drone  
  18  1:28  Drone  
  19  1:39  Overlord  
  19  2:03  Metabolic Boost  
  19  2:04  Queen  
  19  2:06  Queen  
  19  2:07  Zergling x2  
  24  2:10  Zergling x2  
  24  2:13  Zergling x2  
  26  2:16  Zergling x2  
  26  2:19  Zergling x2  
  28  2:27  Baneling Nest  
  28  2:29  Zergling x2  
  28  2:33  Zergling x2  
  28  2:37  Zergling x2  
  30  2:40  Zergling x2  
  31  2:45  Zergling x2  
  31  2:50  Zergling x2  
  33  3:00  Zergling x2  
  33  3:01  Zergling x2  
  35  3:05  Roach Warren  
  35  3:11  Overlord  
  34  3:16  Baneling x2  
  34  3:21  Drone  
  26  3:52  Roach  
  26  3:53  Roach x5  
  38  3:59  Roach  
  38  4:02  Drone  
  41  4:03  Drone  
  41  4:09  Overlord  
  42  4:18  Roach  
  42  4:20  Overlord  
  41  4:36  Roach x3  
  42  4:52  Roach  
  41  5:14  Roach x2  
  41  5:15  Zergling x2  
  46  5:27  Queen  
  48  5:41  Zergling x4  
  48  5:42  Zergling x4  
  47  5:46  Roach  
  47  5:52  Roach  
  47  5:54  Drone  
  50  5:58  Drone  
  51  6:05  Drone  
  51  6:06  Drone  
  53  6:21  Roach x2  
  57  6:28  Drone x3  
  60  6:34  Overlord  
  60  6:38  Extractor, Drone  
  60  6:49  Drone  
  57  7:07  Zergling x16  
  58  7:15  Zergling x4  
  56  7:25  Zergling x4  
  56  7:26  Zergling x2  
  59  7:49  Roach x3  
  59  7:50  Zergling x2  
  66  8:07  Zergling x4  
  64  8:16  Drone  
  64  8:17  Drone x4  
Show
View Real Time Build Order
Export as new Build Order

fahirn Zerg 

Build Orders:  

Get SALT Encoding   

Show
View Real Time Build Order
Export as new Build Order

Azzran Zerg 

Build Orders:  

Get SALT Encoding   

Tags
 
Add a new tag
Caveats
  • Supply blocks, unpowered buildings, or Contaminate may cause inaccurate times.
  • Supply counts are checked every 10 seconds.